 Dungeon Crawl Stone Soup version 0.28-a0-500-g121bc3e445 (webtiles) character file.

Game seed: 6715139827418594494

164 Sabo the Chopper (level 5, -2/33 HPs)
             Began as a Gargoyle Berserker on Sept 19, 2021.
             Was a Believer of Trog.
             Slain by Grinder (3 damage)
             ... on level 3 of the Dungeon.
             The game lasted 00:13:36 (3540 turns).

Sabo the Chopper (Gargoyle Berserker)               Turns: 3540, Time: 00:13:38

Health: -2/33      AC: 16    Str: 20    XL:     5   Next: 45%
Magic:  5/5        EV:  8    Int:  8    God:    Trog [**....]
Gold:   79         SH:  0    Dex: 10    Spells: 4/4 levels left

rFire   . . .      SeeInvis .   a - +0 hand axe
rCold   . . .      Faith    .   (no shield)
rNeg    + . .      Spirit   .   i - +0 chain mail
rPois   ∞          Reflect  .   p - +2 helmet
rElec   +          Harm     .   q - scarf {shadows}
rCorr   .          Rampage  .   (no gloves)
Will    .....                   (no boots)
Stlth   ..........              (no amulet)
HPRegen 0.11/turn               (no ring)
MPRegen 0.09/turn               (no ring)

@: on berserk cooldown, slowed, very slow
A: sickness immunity, AC +4, negative energy resistance 1, electricity
resistance, torment resistance 1, petrification resistance
a: Renounce Religion, Berserk, Trog's Hand


You were on level 3 of the Dungeon.
You worshipped Trog.
Trog was pleased with you.
You visited 1 branch of the dungeon, and saw 3 of its levels.

You collected 79 gold pieces.

Inventory:

Hand Weapons
 a - a +0 hand axe (weapon)
 m - a +0 hunting sling
Missiles
 c - 20 arrows
 f - 82 stones (quivered)
 n - 27 sling bullets
 o - 8 atropa-tipped darts
Armour
 i - a +0 chain mail (worn)
 p - a +2 helmet (worn)
 q - a scarf of shadows (worn)
Scrolls
 b - a scroll of blinking {unknown}
 d - a scroll of fear {unknown}
 g - a scroll of noise {unknown}
 h - a scroll of identify {unknown}
Potions
 e - a potion of curing {unknown}
 k - 2 potions of flight {unknown}
 l - 2 potions of brilliance {unknown}


   Skills:
 + Level 4.1 Fighting
 + Level 4.1 Axes
 + Level 3.1 Armour
 + Level 2.2 Dodging
 + Level 0.8 Stealth


You had 4 spell levels left.
You didn't know any spells.
Your spell library was empty.

Dungeon Overview and Level Annotations

Branches:
Dungeon (3/15)

Altars:

Shops:
D:2 (

Annotations:
D:3 Grinder


Innate Abilities, Weirdness & Mutations

You are immune to sickness and miasma.
Your stone body is resilient. (AC +4)
You are immune to poison.
You resist negative energy. (rN+)
You are resistant to electric shocks. (rElec)
You are resistant to unholy torment.
You are immune to petrification.


Message History

Grinder is severely wounded.
You closely miss the kobold. Grinder hits you.
You writhe in agony.
* * * LOW HITPOINT WARNING * * *
The kobold hits you but does no damage. Grinder hits you but does no damage.
You hit Grinder.
Grinder is severely wounded.
You hit the kobold but do no damage. The kobold barely misses you.
Grinder hits you but does no damage. The kobold hits you but does no damage.
Grinder gestures at you. You resist with significant effort.
Your chain mail prevents you from hitting Grinder.
Grinder is severely wounded.
You miss the kobold. The kobold barely misses you. Grinder closely misses you.
You barely miss Grinder.
Grinder is severely wounded.
You hit the kobold but do no damage. The kobold closely misses you.
Grinder closely misses you. The kobold hits you but does no damage.
Grinder hits you.
* * * LOW HITPOINT WARNING * * *
You closely miss Grinder.
Grinder is severely wounded.
You closely miss the kobold.
The kobold hits you with a +0 short sword.
* * * LOW HITPOINT WARNING * * *
Grinder gestures at you. Pain shoots through your body!
* * * LOW HITPOINT WARNING * * *
You barely miss Grinder.
Grinder is severely wounded.
You closely miss the kobold. The kobold hits you but does no damage.
Grinder gestures at you. You resist with significant effort.
The kobold barely misses you. Grinder closely misses you.
Your chain mail prevents you from hitting Grinder.
Grinder is severely wounded.
You hit the kobold.
You kill the kobold!
Trog accepts your kill. Grinder hits you but does no damage. Grinder hits you.
You die...

#.. ... #.#
#.#### ##
#....# #.
#.##.# #.
#.##.# # .
#..#5##.#..
#
##..)@......
#.
#...........
+.##
##....###.?.
#... ##.#.#
.. ###.
#...# #.
#)### #. #.#
#+# #. #.#
#.# #. #.#
#.# #.


You could see Grinder.

Vanquished Creatures
  A scorpion (D:2)
  Robin (D:2)
  3 gnolls (D:2)
  A worm (D:2)
  A dart slug (D:1)
  2 orcs (D:3)
  3 endoplasms
  2 giant cockroaches
  12 goblins
  7 hobgoblins
  4 jackals (D:1)
  3 kobolds
  3 quokkas (D:1)
  5 ball pythons
  4 bats
  A frilled lizard (D:1)
  2 rats (D:1)
55 creatures vanquished.

Notes
Turn   | Place    | Note
-------+----------+-------------------------------------------
     0 | D:1      | Sabo the Gargoyle Berserker began the quest for the Orb.
     0 | D:1      | Reached XP level 1. HP: 14/14 MP: 1/1
   780 | D:1      | Reached XP level 2. HP: 19/19 MP: 2/2
  1224 | D:1      | Reached XP level 3. HP: 17/24 MP: 3/3
  1746 | D:1      | Reached ** piety under Trog
  2151 | D:2      | Reached XP level 4. HP: 21/29 MP: 4/4
  2509 | D:2      | Noticed Robin
  2534 | D:2      | Killed Robin
  2652 | D:2      | Found Doikae's Antique Weapon Boutique.
  2732 | D:2      | Noticed a scorpion
  2749 | D:2      | Killed a scorpion
  2750 | D:2      | Reached XP level 5. HP: 15/33 MP: 5/5
  3507 | D:3      | Noticed Grinder
  3522 | D:3      | Paralysed by Grinder for 4 turns
  3530 | D:3      | Paralysed by Grinder for 4 turns
  3538 | D:3      | HP: 1/33 [Grinder/nerve-wracking pain (7)]
  3540 | D:3      | Slain by Grinder

Illustrated notes

Levels and vault maps discovered:
D:1:      dpeg_arrival_windows_large_door, layout_basic,
          wad_floor_pattern_untrapped, chequers_serial_rivers_room_a
D:2:      layout_basic, serial_shops, shop_fountains, kennysheep_nondescript,
          uniq_robin
D:3:      layout_loops_corners, mainiacjoe_overflow_tiny_flanked, uniq_ijyb,
          uniq_grinder

Skill      XL: |  1  2  3  4 |
---------------+-------------+-----
Axes           | 3 4 |  4.1
Dodging        | 2 |  2.2
Fighting       | 4 |  4.1
Armour         | 3 |  3.1
Stealth        | |  0.8

Action                   |  1- 3 |  4- 6 || total
-------------------------+-------+-------++-------
Melee: Hand axe          |   115 |    96 ||   211
Throw: Stone             |       |     1 ||     1
Invok: Berserk           |       |     2 ||     2
  Use: Scroll            |       |     2 ||     2
Armor: Robe              |    50 |       ||    50
       Animal skin       |     8 |       ||     8
       Chain mail        |     6 |    65 ||    71
       Leather armour    |     1 |       ||     1
Dodge: Dodged            |    72 |    38 ||   110

Table legend: (Time is in decaauts)
 A = Elapsed time spent in this place.
 B = Non-inter-level travel time spent in this place.
 C = Inter-level travel time spent in this place.
 D = Time resting spent in this place.
 E = Time spent auto-exploring this place.
 F = Levels seen in this place.
 G = Mean time per level.
                   A        B        C        D        E       F      G
               +--------+--------+--------+--------+--------+-----+--------+
         Total |   3575 |   3575 |      0 |   1265 |      0 |   3 | 1191.7 |
       Dungeon |   3575 |   3575 |      0 |   1265 |      0 |   3 | 1191.7 |
               +--------+--------+--------+--------+--------+-----+--------+

Top non-repeatable levels by time:
     D:1: 1957 daAuts
     D:2: 1329 daAuts
     D:3: 288 daAuts
